 Dungeon Crawl Stone Soup version 0.29-a0-613-gf2c431b9b9 (webtiles) character file.

Game seed: 3806374335213811927

183 HoaS the Shooter (level 5, 0/30 HPs)
             Began as a Gargoyle Hunter on June 16, 2022.
             Slain by Ijyb
             ... wielding a +0 club
              (6 damage)
             ... on level 3 of the Dungeon.
             The game lasted 00:06:35 (2501 turns).

HoaS the Shooter (Gargoyle Hunter)                  Turns: 2501, Time: 00:06:35

Health: 0/30       AC:  0    Str: 14    XL:     5   Next: 62%
Magic:  5/5        EV: 14    Int: 10    God:
Gold:   153        SH:  0    Dex: 15    Spells: 4/4 levels left

rFire   . . .      SeeInvis .   (weapon currently unavailable)
rCold   . . .      Faith    .   (shield currently unavailable)
rNeg    + . .      Spirit   .   (body armour currently unavailable)
rPois   ∞          Reflect  .   (helmet currently unavailable)
rElec   .          Harm     .   (cloak currently unavailable)
rCorr   .          Rampage  .   (gloves currently unavailable)
Will    .....                   (boots currently unavailable)
Stlth   ++........              (no amulet)
HPRegen 0.10/turn               (ring currently unavailable)
MPRegen 0.09/turn               (ring currently unavailable)

@: pig-form (expiring), very quick
A: fast, no casting, sickness immunity, AC +4, small, negative energy resistance
1, (electricity resistance), torment resistance 1, petrification resistance
a: no special abilities


You were on level 3 of the Dungeon.
You were a filthy swine.
You visited 1 branch of the dungeon, and saw 3 of its levels.

You collected 153 gold pieces.

Inventory:

Hand Weapons
 a - a +1 shortbow (melded)
Armour
 e - a +0 ring mail (melded)
 k - a +0 plate armour
Jewellery
 r - a ring of protection from cold (melded)
Scrolls
 c - a scroll of immolation
 j - 2 scrolls of identify {unknown}
 n - a scroll of amnesia {unknown}
 o - a scroll of brand weapon {unknown}
 p - a scroll of blinking {unknown}
 q - a scroll of fog {unknown}
 s - a scroll of enchant weapon {unknown}
 t - a scroll of enchant armour {unknown}
Potions
 b - a potion of attraction {unknown}
 d - a potion of cancellation {unknown}
 f - a potion of mutation {unknown}
 g - a potion of ambrosia {unknown}
 h - 3 potions of flight
 i - a potion of brilliance {unknown}
 l - a potion of curing {unknown}
 m - 2 potions of lignification {unknown}


   Skills:
 - Level 2.1 Fighting
 + Level 6.7 Bows
 - Level 1.5 Dodging
 - Level 1.1 Stealth


You had 4 spell levels left.
You didn't know any spells.
Your spell library contained the following spells:

 Spells                   Type           Power      Damage    Failure   Level
 Blade Hands              Tmut           0%         N/A       100%        5
 Irradiate                Conj/Tmut      0%         3d13      100%        5
 Dragon Form              Tmut           0%         N/A       100%        7


Dungeon Overview and Level Annotations

Branches:
Dungeon (3/15)

Altars:
Uskayaw

Annotations:
D:3 Ijyb


Innate Abilities, Weirdness & Mutations

You are a filthy swine.
You move quickly.
Your equipment is almost entirely melded.
You are incapable of wielding weapons or throwing items.
You cannot cast spells.
You are immune to sickness and miasma.
((Your stone body is resilient. (AC +4)))
You are immune to poison.
You resist negative energy. (rN+)
((You are resistant to electric shocks. (rElec)))
You are resistant to unholy torment.
You are immune to petrification.


Message History

You shoot an arrow. The arrow closely misses Ijyb.
Ijyb screams, "Me stronger than you!"
Ijyb zaps a wand.
You turn into a filthy swine.
Your +1 shortbow melds into your body.
Your +0 ring mail melds into your body.
Your ring of protection from cold melds into your body.
You hit Ijyb.
Ijyb is moderately wounded.
Ijyb barely misses you.
You hit Ijyb but do no damage.
Ijyb is moderately wounded.
Ijyb closely misses you.
You barely miss Ijyb.
Ijyb is moderately wounded.
Ijyb barely misses you.
You barely miss Ijyb.
Ijyb is moderately wounded.
Ijyb hits you with a +0 club.
You hit Ijyb.
Ijyb is heavily wounded.
Ijyb hits you with a +0 club.
You miss Ijyb.
Ijyb is heavily wounded.
Ijyb hits you with a +0 club.
You hit Ijyb but do no damage.
Ijyb is heavily wounded.
You hit Ijyb.
Ijyb is heavily wounded.
Ijyb closely misses you.
You closely miss Ijyb.
Ijyb is heavily wounded.
Ijyb hits you with a +0 club.
* * * LOW HITPOINT WARNING * * *
You hit Ijyb but do no damage.
Ijyb is heavily wounded.
Ijyb drinks a potion.
Ijyb is healed!
You barely miss Ijyb.
Your transformation is almost over.
Ijyb barely misses you.
You hit Ijyb but do no damage. Ijyb hits you with a +0 club.
You die...

....####)#..........#.#.###.#....
........))..........#.####..#....
....###.......#..####.###...'....
##### ####.#....## #.##....#..(.
## #......## #.#..†..#.... .#
##......# #.#....####'# .#
#......####.+...###.... .#
##.#.##g..<..#..###..... .##
##....##h####.#.###.....#
..#######..#.###...##.####.....##
.......##.##.#####.##.###.....###
...)..........####.....####+#####
^##.........#...####.............
.#...####>..###.####.####.[###...
.#.#####....# #...##...........##
...# #..#..#####.......########
..#####.##...## #######.#


You could see Ijyb.

Vanquished Creatures
  A hound (D:3)
  An orc priest (D:3)
  2 orc wizards (D:3)
  2 worms
  5 dart slugs
  5 orcs (D:3)
  3 bats (D:2)
  2 endoplasms
  2 giant cockroaches
  A goblin (D:2)
  4 hobgoblins
  6 jackals (D:1)
  5 quokkas
  3 ball pythons
  5 frilled lizards
  3 kobolds
  5 rats
55 creatures vanquished.

Notes
Turn   | Place    | Note
-------+----------+-------------------------------------------
     0 | D:1      | HoaS the Gargoyle Hunter began the quest for the Orb.
     0 | D:1      | Reached XP level 1. HP: 12/12 MP: 1/1
   162 | D:1      | Reached XP level 2. HP: 16/17 MP: 2/2
   478 | D:1      | Reached XP level 3. HP: 17/21 MP: 3/3
   555 | D:1      | Reached skill level 5 in Bows
   555 | D:1      | Found a faded altar of an unknown god.
  1123 | D:2      | Identified the +4 hunting sling of Qaqar {flame, *Slow
                  | rElec Will- Int+6}
  1615 | D:3      | Reached XP level 4. HP: 13/26 MP: 4/4
  1630 | D:3      | Reached skill level 6 in Bows
  1630 | D:3      | Reached XP level 5. HP: 12/30 MP: 5/5
  1884 | D:3      | Found a hide-covered altar of Uskayaw.
  2448 | D:3      | Noticed Ijyb
  2501 | D:3      | Slain by Ijyb

Illustrated notes

Levels and vault maps discovered:
D:1:      eino_arrival_tree_alley, layout_loops_corners,
          chequers_ecumenical_altar_simple_redux
D:2:      wander_river, layout_rooms
D:3:      layout_rooms, gammafunk_temple_overflow_elements,
          mainiacjoe_overflow_alcove_4, minmay_quadrilaterals, uniq_ijyb

Skill      XL: |  1  2  3  4 |
---------------+-------------+-----
Bows           | 5 6 |  6.7
Fighting       | |  2.1
Dodging        | |  1.5
Stealth        | |  1.1

Action                   |  1- 3 |  4- 6 || total
-------------------------+-------+-------++-------
Melee: Unarmed           |       |    16 ||    16
       Shortbow          |       |     1 ||     1
 Fire: Shortbow          |   116 |   101 ||   217
  Use: Potion            |       |     3 ||     3
Armor: Leather armour    |     4 |       ||     4
       Ring mail         |    20 |    51 ||    71
       Skin              |       |     3 ||     3
Dodge: Dodged            |    29 |    35 ||    64

Table legend: (Time is in decaauts)
 A = Elapsed time spent in this place.
 B = Non-inter-level travel time spent in this place.
 C = Inter-level travel time spent in this place.
 D = Time resting spent in this place.
 E = Time spent auto-exploring this place.
 F = Levels seen in this place.
 G = Mean time per level.
                   A        B        C        D        E       F      G
               +--------+--------+--------+--------+--------+-----+--------+
         Total |   2581 |   2538 |     43 |    568 |   1458 |   3 |  860.3 |
       Dungeon |   2581 |   2538 |     43 |    568 |   1458 |   3 |  860.3 |
               +--------+--------+--------+--------+--------+-----+--------+

Top non-repeatable levels by time:
     D:1: 1141 daAuts
     D:3: 991 daAuts
     D:2: 449 daAuts
